 Dungeon Crawl Stone Soup version bcrawl-1.21.3 (webtiles) character file.

Game seed: 16737199397894209681

67 MisterOstroum the Insei (level 4, 34/34 HPs)
             Began as a Demonspawn Transmuter on Mar 25, 2020.
             Quit the game on level 2 of the Dungeon.
             The game lasted 00:02:14 (1108 turns).

MisterOstroum the Insei (Demonspawn Transmuter)     Turns: 1108, Time: 00:02:14

Health: 34/34      AC:  5    Str: 11    XL:     4   Next: 0%
Magic:  7/7        EV: 12    Int: 15    God:
Gold:   88         SH:  2    Dex: 13    Spells: 4/7 levels left

rFire    . . .     SeeInvis .     - Unarmed
rCold    . . .     Gourm    .   (no shield)
rNeg     . . .     Faith    .   b - +0 robe
rPois    .         Spirit   .   (no helmet)
rElec    .         Reflect  +   (no cloak)
rCorr    .         Harm     .   c - +2 pair of gloves
MR       .....                  (no boots)
Stlth    +.........             p - +2 amulet of reflection
HPRegen  0.11/turn              (no ring)
MPRegen  0.10/turn              (no ring)

@: no status effects
A: talons 1, demonic guardian 1, powered by pain 1
a: no special abilities


You were on level 2 of the Dungeon.
You were not hungry.

You visited 1 branch of the dungeon, and saw 2 of its levels.

You collected 88 gold pieces.

Inventory:

Hand Weapons
 a - a +0 hunting sling
Missiles
 f - 410 arrows
 l - 557 stones (quivered)
Armour
 b - a +0 robe (worn)
 c - a +2 pair of gloves (worn)
Jewellery
 p - a +2 amulet of reflection (around neck)
Scrolls
 g - 3 scrolls of amnesia {unknown}
 h - a scroll of blinking {unknown}
 n - a scroll of fear {unknown}
 o - a scroll of identify {unknown}
Potions
 d - a potion of lignification {@q6}
 i - 2 potions of curing {unknown}
 j - a potion of invisibility {unknown}
 k - a potion of brilliance {unknown}
 m - a potion of resistance {unknown}
Comestibles
 e - 5 rations {!d}
 q - 2 chunks of flesh


   Skills:
 + Level 2.4 Fighting
 - Level 1.7 Dodging
 + Level 3.2 Unarmed Combat
 - Level 2.0 Spellcasting
 * Level 2.6 Transmutations


You had 4 spell levels left.
You knew the following spells:

 Your Spells              Type           Power        Failure   Level  Hunger
a - Beastly Appendage     Tmut           #.....       8%          1    #......
b - Sticks to Snakes      Tmut           #.......     12%         2    ###....

Your spell library contained the following spells:

 Spells                   Type           Power        Failure   Level  Hunger
 Spider Form              Tmut/Pois      #..          36%         3    ###....
 Ice Form                 Ice/Tmut       #.......     78%         4    #####..
 Blade Hands              Tmut           #.........   91%         5    ######.


Dungeon Overview and Level Annotations

Branches:
Dungeon (2/12)

Altars:


Innate Abilities, Weirdness & Mutations

You have sharp toenails.
A weak demonic guardian rushes to your aid.
You sometimes gain a little power by taking damage.


Message History

Your quasit completely misses the giant cockroach.
Your quasit barely misses the giant cockroach.
The giant cockroach misses your quasit.
You closely miss the crimson imp.
The crimson imp is heavily wounded.
The crimson imp hits you.
Your quasit barely misses the giant cockroach.
Your quasit closely misses the giant cockroach.
Your quasit claws the giant cockroach but does no damage.
The giant cockroach misses your quasit.
The goblin shoots a stone.
The stone hits you but does no damage.
You are too injured to fight recklessly!
You are too injured to fight recklessly!
You hit the crimson imp.
You claw the crimson imp, but do no damage.
The crimson imp is almost dead.
Your quasit bites the giant cockroach but does no damage.
Your quasit claws the giant cockroach.
The giant cockroach dies!
The crimson imp misses you.
You closely miss the crimson imp. Your kick misses the crimson imp.
The crimson imp is severely wounded.
The goblin shoots a stone.
The stone hits you.
Your quasit bites the crimson imp but does no damage.
Your quasit splashes around in the water.
Your quasit misses the crimson imp.
The crimson imp hits you but does no damage.
You hit the crimson imp.
You kill the crimson imp!
The goblin shoots a stone.
The stone hits you. The jackal barely misses you.
You are too injured to fight recklessly!
You closely miss the jackal. Your kick misses the jackal.
The goblin shoots a stone.
The stone barely misses you. The jackal misses you.
Your quasit bites the jackal.
Your quasit claws the jackal but does no damage.
Your quasit claws the jackal.
The jackal bites you.
Your quasit barely misses the jackal. x2
Your quasit claws the jackal.
The jackal dies!
The goblin shoots a stone.
The stone hits you but does no damage.
You climb upwards.
Your summoned ally is left behind.
There is a stone staircase leading down here.
You start resting.
Your talons disappear.
You start resting.
Magic restored.
Eating a chunk of flesh.
You eat the chunk of flesh.
This raw flesh tastes terrible.
HP restored.
No path to travel!
You climb downwards.
There is a stone staircase leading up here.
The goblin shoots a stone.
The stone closely misses you.
Found 9 gold pieces.
You barely miss the goblin.
The goblin unwields a +0 hunting sling.
The goblin hits you but does no damage.
You closely miss the goblin. The goblin barely misses you.
You hit the goblin.
The goblin is heavily wounded.
The goblin closely misses you.
You hit the goblin.
You kill the goblin!
No target in view!
No target in view!
A hobgoblin comes into view. It is wielding a +0 club.
The hobgoblin shouts!
A bat comes into view.
Items here: " ( ) † a +0 hunting sling; 282 stones; a +2 amulet of reflection; a goblin corpse
f - a +0 hunting sling;
l - 557 stones (gained 282)
p - a +2 amulet of reflection Put on which piece of jewellery? (? for menu, Esc to quit)
p - a +2 amulet of reflection (around neck)
There are no objects that can be picked up here. a goblin corpse You butcher the goblin corpse.
Things that are here:
2 chunks of flesh; a goblin skeleton
q - 2 chunks of flesh Wield which item (- for none, * to show all)? (? for menu, Esc to quit)
Okay, then.
Unknown command.
Adjust to which letter? (? for menu, Esc to quit)
a - a +0 hunting sling;
f - 410 arrows The hobgoblin barely misses you.
You hit the hobgoblin but do no damage.
The hobgoblin hits you but does no damage.
You hit the hobgoblin.
The hobgoblin is almost dead.
The hobgoblin misses you.
You hit the hobgoblin.
You kill the hobgoblin!
The bat hits you but does no damage. The bat barely misses you.
The bat hits you but does no damage.
You hit the bat.
You kill the bat!
You have reached level 4!
You feel clever.
Your demonic ancestry asserts itself...
Your toenails lengthen and sharpen.
Are you sure you want to abandon this character and quit the game? (Confirm with "yes".)

#.#.....≈#≈≈$≈
#.....≈≈≈≈≈≈.≈
###)≈≈≈..≈≈≈≈. #
##.≈...≈≈.≈≈.
#.####<.≈#...#.≈≈.
#....#.###.#.#≈.≈.
.######.).# #...#
.#.
.........÷####.##
###..@.....#.#
#...$..).....#
#...............
#................
#................
#................
#...#............
#...#...........


There were no monsters in sight!

Vanquished Creatures
  A crimson imp (D:2)
  A dart slug (D:1)
  A leopard gecko (D:1)
  2 bats
  2 giant cockroaches (D:1)
  5 goblins
  2 hobgoblins
  4 jackals (D:1)
  5 kobolds
  A frilled lizard (D:1)
  A rat (D:1)
25 creatures vanquished.

Vanquished Creatures (collateral kills)
  A giant cockroach (D:2)
  2 jackals (D:2)
  A kobold (D:2)
4 creatures vanquished.

Grand Total: 29 creatures vanquished

Notes
Turn   | Place    | Note
-------+----------+-------------------------------------------
     0 | D:1      | MisterOstroum the Demonspawn Transmuter began the quest for
                  | the Orb.
     0 | D:1      | Reached XP level 1. HP: 15/15 MP: 3/3
     4 | D:1      | Noticed an electric eel
   204 | D:1      | Gained mutation: A weak demonic guardian rushes to your
                  | aid. [demonic ancestry]
   204 | D:1      | Reached XP level 2. HP: 20/22 MP: 3/5
   319 | D:1      | Reached skill level 3 in Unarmed Combat
   857 | D:2      | Learned a level 2 spell: Sticks to Snakes
   857 | D:2      | Noticed a crimson imp
   871 | D:2      | Gained mutation: You sometimes gain a little power by
                  | taking damage. [demonic ancestry]
   871 | D:2      | Reached XP level 3. HP: 25/27 MP: 4/6
  1107 | D:2      | Gained mutation: You have sharp toenails. [demonic
                  | ancestry]
  1107 | D:2      | Reached XP level 4. HP: 34/34 MP: 7/7
  1108 | D:2      | Quit the game

Skill      XL: |  1  2 |
---------------+-------+-----
Fighting       | 2 |  2.4
Unarmed Combat | 3 |  3.2
Transmutations | 2 |  2.6
Dodging        | |  1.7
Spellcasting   | |  2.0

Action                   |  1- 3 |  4- 6 || total
-------------------------+-------+-------++-------
Melee: Unarmed           |    77 |       ||    77
       Kick              |     9 |       ||     9
       Headbutt          |     5 |       ||     5
       Punch             |     1 |       ||     1
 Cast: Beastly Appendage |    12 |       ||    12
       Sticks to Snakes  |     1 |       ||     1
  Eat: Chunk             |     1 |       ||     1
Armor: Robe              |    22 |       ||    22
Dodge: Dodged            |    45 |       ||    45
